 Dungeon Crawl Stone Soup version 0.23.1 (webtiles) character file.

Game seed: 2187758675941607821

360 razor4143 the Chopper (level 6, -1/44 HPs)
             Began as an Octopode Fighter on Mar 15, 2019.
             Slain by an adder (5 damage)
             ... on level 4 of the Dungeon.
             The game lasted 00:04:41 (4060 turns).

razor4143 the Chopper (Octopode Fighter)            Turns: 4060, Time: 00:04:42

Health: -1/44      AC:  1    Str: 17    XL:     6   Next: 65%
Magic:  6/6        EV: 12    Int: 11    God:
Gold:   213        SH:  9    Dex: 11    Spells: 5/5 levels left

rFire    . . .     SeeInvis .   a - +0 war axe
rCold    . . .     Gourm    .   b - +0 shield
rNeg     . . .     Faith    .   (helmet restricted)
rPois    .         Spirit   .   (no amulet)
rElec    .         Reflect  .   (no ring)
rCorr    .         Harm     .   (no ring)
MR       .....                  (no ring)
Stlth    ++........             (no ring)
HPRegen  0.14/turn              (no ring)
MPRegen  0.10/turn              (no ring)
                                (no ring)
                                (no ring)

@: no status effects
A: almost no armour, stealthy swim, amphibious, 8 rings, constrict 8, camouflage
1, gelatinous body 1
a: no special abilities


You were on level 4 of the Dungeon.
You were hungry.

You visited 1 branch of the dungeon, and saw 4 of its levels.

You collected 213 gold pieces.

Inventory:

Hand Weapons
 a - a +0 war axe (weapon)
Armour
 b - a +0 shield (worn)
Jewellery
 l - an uncursed ring of flight {unknown}
Scrolls
 c - a scroll of remove curse {unknown}
 e - 6 scrolls of identify {unknown}
 g - 2 scrolls of enchant weapon {unknown}
 j - a scroll of teleportation {unknown}
 k - a scroll of fog {unknown}
 q - a scroll of blinking {unknown}
 r - a scroll of enchant armour {unknown}
Potions
 f - a potion of haste {unknown}
 i - a potion of lignification {unknown}
 m - 2 potions of curing {unknown}
 p - a potion of heal wounds {unknown}
Comestibles
 d - 5 rations


   Skills:
 + Level 4.3 Fighting
 * Level 5.0 Axes
 - Level 3.0 Dodging
 + Level 4.4 Shields


You had 5 spell levels left.
You didn't know any spells.
Your spell library was empty.

Dungeon Overview and Level Annotations

Branches:
Dungeon (4/15)
 Temple: D:4-7

Altars:


Innate Abilities, Weirdness & Mutations

You cannot wear most types of armour.
You are very stealthy in the water. (Stealth+)
You are amphibious.
You can wear up to eight rings at the same time.
You can use your tentacles to constrict eight enemies at once.
Your skin changes colour to match your surroundings (Stealth+).
Your rubbery body absorbs attacks. (AC +1, EV +1)


Message History

The tomahawk of returning fails to return to your pack!
The phantom blinks!
Throwing (i - inventory)
o - 2 tomahawks (quivered)
Press: ? - help, Shift-Dir - straight line, f/p - phantom
Aim: a phantom (severely damaged)
You throw a tomahawk. The tomahawk barely misses the phantom.
An adder comes into view.
Throwing (i - inventory)
o - a tomahawk (quivered)
Press: ? - help, Shift-Dir - straight line, f/p - phantom
Aim: a phantom (severely damaged)
You throw a tomahawk. The tomahawk barely misses the phantom.
The phantom blinks!
Your shield prevents you from hitting the phantom.
The phantom is severely damaged.
The phantom hits you!
* * * LOW HITPOINT WARNING * * *
The phantom hits you!
* * * LOW HITPOINT WARNING * * *
The adder bites you.
You die...

#####.#........#
...............# #.=.....=.
#####.#........# #........
#####.......)..# #.......##
...............# #.......#.
...............# #......#.8
......#.####(..#####(#.......#
......#.# #..WS.(§..#.......##
......#.# #..@#######...W.....
......#.# #.[.# #.§....(## ...
#.####..(# #.......#
#........# ##.######
#######(## ######W# #(#
#......# #.# #.###### #.# #.#
#.####.#


You could see a phantom and an adder.

Vanquished Creatures
  A phantom (D:4)
  3 orc wizards (D:3)
  A worker ant (D:4)
  A worker ant zombie (D:4)
  7 adders
  An ooze (D:1)
  3 worms
  A dart slug (D:3)
  10 orcs
  A ball python (D:3)
  6 bats
  9 giant cockroaches
  5 goblins
  6 hobgoblins
  2 jackals (D:1)
  2 quokkas (D:3)
  5 frilled lizards
  6 kobolds
  A leopard gecko skeleton (D:4)
  9 rats
80 creatures vanquished.

Notes
Turn   | Place    | Note
-------+----------+-------------------------------------------
     0 | D:1      | razor4143 the Octopode Fighter began the quest for the Orb.
     0 | D:1      | Reached XP level 1. HP: 16/16 MP: 1/1
   314 | D:1      | Reached XP level 2. HP: 16/21 MP: 2/2
   621 | D:1      | Reached XP level 3. HP: 26/26 MP: 3/3
   875 | D:1      | Reached skill level 3 in Axes
  1364 | D:2      | Reached XP level 4. HP: 23/31 MP: 4/4
  2570 | D:3      | Reached XP level 5. HP: 32/37 MP: 5/5
  2580 | D:3      | Reached skill level 4 in Axes
  3345 | D:3      | Reached XP level 6. HP: 41/43 MP: 6/6
  3538 | D:4      | Noticed a phantom
  3837 | D:4      | Killed a phantom
  3837 | D:4      | Reached skill level 5 in Axes
  4009 | D:4      | Noticed a phantom
  4060 | D:4      | Slain by an adder

Skill      XL: |  1  2  3  4  5  6 |
---------------+-------------------+-----
Axes           | 3 4 5 |  5.0
Shields        | 4 |  4.4
Fighting       | 4 |  4.3
Dodging        | |  3.0

Action                   |  1- 3 |  4- 6 || total
-------------------------+-------+-------++-------
Melee: War axe           |    56 |   102 ||   158
       Constrict         |    17 |    22 ||    39
       Tentacles         |     6 |    19 ||    25
Throw: Tomahawk          |    12 |    17 ||    29
  Use: Potion            |       |     1 ||     1
 Stab: Sleeping          |     4 |     7 ||    11
  Eat: Chunk             |     1 |     8 ||     9
Armor: Skin              |     6 |     5 ||    11
Dodge: Dodged            |    32 |    28 ||    60
Block: Shield            |    23 |    46 ||    69
